 Dungeon Crawl Stone Soup version 0.29.1-15-g9cfb28693d (webtiles) character file.

Game seed: 8842598295018089446

292 protoss039 the Digger (level 6, -3/47 HPs)
             Began as a Demonspawn Earth Elementalist on Mar 12, 2023.
             Slain by Grinder (8 damage)
             ... on level 3 of the Dungeon.
             The game lasted 00:05:13 (2867 turns).

protoss039 the Digger (DsEE)                        Turns: 2867, Time: 00:05:13

Health: -3/47      AC:  6    Str:  8    XL:     6   Next: 10%
Magic:  11/11      EV: 10    Int: 19    God:
Gold:   100        SH:  0    Dex: 15    Spells: 6/12 levels left

rFire   . . .      SeeInvis .   p - +0 trident (freeze)
rCold   . . .      Faith    .   (no shield)
rNeg    . . .      Spirit   .   m - +0 ring mail
rPois   .          Reflect  .   h - +0 helmet
rElec   .          Harm     .   (no cloak)
rCorr   .          Rampage  .   (no gloves)
Will    .....                   (no boots)
Stlth   ++........              e - amulet of magic regeneration
HPRegen 0.15/turn               (no ring)
MPRegen 0.52/turn               (no ring)

@: very slightly contaminated
A: thin skeletal structure 1, powered by death 1, powered by pain 1
a: no special abilities


You were on level 3 of the Dungeon.
You visited 1 branch of the dungeon, and saw 6 of its levels.

You collected 100 gold pieces.

Inventory:

Hand Weapons
 l - a +0 rapier
 p - a +0 trident of freezing (weapon)
Missiles
 c - a throwing net
Armour
 h - a +0 helmet (worn)
 m - a +0 ring mail (worn)
Jewellery
 e - an amulet of magic regeneration (around neck)
Wands
 n - a wand of light (7)
Scrolls
 a - a scroll of enchant armour {unknown}
 d - a scroll of identify
 f - a scroll of teleportation {unknown}
 g - a scroll of enchant weapon {unknown}
 i - 3 scrolls of poison
 j - a scroll of brand weapon {unknown}
 k - 2 scrolls of amnesia
 o - a scroll of immolation {unknown}
Potions
 b - a potion of magic


   Skills:
 * Level 3.3 Fighting
 * Level 0.6 Armour
 - Level 1.7 Dodging
 - Level 1.7 Stealth
 + Level 3.6 Spellcasting
 + Level 0.3 Conjurations
 - Level 0.8 Transmutations
 + Level 4.1 Earth Magic


You had 6 spell levels left.
You knew the following spells:

 Your Spells              Type           Power      Damage    Failure   Level
a - Sandblast             Erth           38%        2d10      9%          1
b - Passwall              Tmut/Erth      10%        N/A       24%         2
c - Stone Arrow           Conj/Erth      22%        3d8       47%         3

Your spell library contained the following spells:

 Spells                   Type           Power      Damage    Failure   Level
 Poisonous Vapours        Pois/Air       6%         N/A       56%         2
 Petrify                  Tmut/Erth      12%        N/A       85%         4
 Corpse Rot               Necr/Pois/Air  3%         N/A       99%         4


Dungeon Overview and Level Annotations

Branches:
Dungeon (6/15) Zot: 26860
 Temple: D:4-7

Altars:

Annotations:
D:3 Grinder


Innate Abilities, Weirdness & Mutations

You have a somewhat thin skeletal structure. (Dex +2, Stealth+)
You regenerate a little health from kills.
You sometimes gain a little power by taking damage.


Message History

Reach: p) +0 trident (freeze)
Press: ? - help, Dir - move target You hit something.
Your punch misses something. Something hits you.
You writhe in agony.
Unknown command.
Casting: Sandblast (safe; 9% risk of failure)
Confirm with . or Enter, or press ? or * to list all spells.
The spell is quite dangerous to miscast (47% risk of failure)!
Continue anyway?
Okay, then.
Casting: Stone Arrow (quite dangerous; 47% risk of failure)
Confirm with . or Enter, or press ? or * to list all spells.
Aiming: Sandblast (safe; 9% risk of failure)
Press: ? - help, Shift-Dir - straight line You miscast Sandblast.
Nothing appears to happen.
Pain shoots through your body!
Unknown command.
Casting: Sandblast (safe; 9% risk of failure)
Confirm with . or Enter, or press ? or * to list all spells.
Aiming: Sandblast (safe; 9% risk of failure)
Press: ? - help, Shift-Dir - straight line The blast of sand hits something!
Something hits you!
You writhe in agony.
You suddenly lose the ability to move!
Something hits you but does no damage. x2
Pain shoots through your body!
* * * LOW HITPOINT WARNING * * *
You can move again.
Casting: Sandblast (safe; 9% risk of failure)
Confirm with . or Enter, or press ? or * to list all spells.
Aiming: Sandblast (safe; 9% risk of failure)
Press: ? - help, Shift-Dir - straight line The blast of sand hits something!
Something tries to affect you, but you resist.
Unknown command.
Unknown command.
Casting: Sandblast (safe; 9% risk of failure)
Confirm with . or Enter, or press ? or * to list all spells.
Aiming: Sandblast (safe; 9% risk of failure)
Press: ? - help, Shift-Dir - straight line The blast of sand hits something.
Something hits you!
You die...

#........ #. ##...#.... #..
#....#.... ...# ##......... #..##
###..##...... #.
.....######............ .###
#####......†.#####...... ...
.........##### #......
#.########.{@## #......
#.#..........# ####......
#####...#.####...# #.........
............##...# #.###...#.
.####...###.##...# #.#...#.#. .#
#.#.....##...# #.#.###.#. .#
#.##.#.......# ##.#.# #.#. .#
#.##.#.......######....###.#.
.####.##.#.....................#.


There were no monsters in sight!

Vanquished Creatures
  Sigmund (D:2)
  A howler monkey (D:4)
  2 adders (D:2)
  2 worms (D:3)
  4 dart slugs
  4 orcs
  7 ball pythons
  6 bats
  3 endoplasms
  A giant cockroach (D:2)
  3 goblins
  5 hobgoblins
  5 jackals
  3 quokkas
  4 frilled lizards
  5 kobolds
  6 rats
62 creatures vanquished.

Notes
Turn   | Place    | Note
-------+----------+-------------------------------------------
     0 | D:1      | protoss039 the Demonspawn Earth Elementalist began the
                  | quest for the Orb.
     0 | D:1      | Reached XP level 1. HP: 13/13 MP: 3/3
   402 | D:1      | Gained mutation: You sometimes gain a little power by
                  | taking damage. [demonic ancestry]
   402 | D:1      | Reached XP level 2. HP: 14/20 MP: 3/5
   613 | D:1      | Reached skill level 1 in Fighting
   613 | D:1      | Reached skill level 3 in Earth Magic
   731 | D:1      | Found a faded altar of an unknown god.
   770 | D:1      | Learned a level 2 spell: Passwall
  1417 | D:2      | Reached XP level 3. HP: 26/26 MP: 6/6
  1545 | D:2      | Noticed Sigmund
  1552 | D:2      | Killed Sigmund
  1553 | D:2      | Reached skill level 4 in Earth Magic
  1553 | D:2      | Gained mutation: You have a somewhat thin skeletal
                  | structure. (Dex +2, Stealth+) [demonic ancestry]
  1553 | D:2      | Reached XP level 4. HP: 34/34 MP: 6/9
  1553 | D:2      | Gained mutation: You regenerate a little health from kills.
                  | [demonic ancestry]
  1553 | D:2      | Reached XP level 5. HP: 40/40 MP: 6/10
  2165 | D:2      | Learned a level 3 spell: Stone Arrow
  2402 | D:3      | Identified the +0 cloak "Hapacirph" {+Inv Slay+5}
  2589 | D:3      | You fall into a shaft and drop 3 floors!
  2648 | D:5      | Entered Level 5 of the Dungeon
  2763 | D:4      | Reached XP level 6. HP: 39/47 MP: 9/11
  2849 | D:3      | Noticed Grinder
  2854 | D:3      | Paralysed by Grinder for 4 turns
  2862 | D:3      | Paralysed by something for 4 turns
  2867 | D:3      | Slain by Grinder

Illustrated notes

Levels and vault maps discovered:
D:1:      roderic_crop_circles_arrival_small, layout_loops_ring,
          basic_ecumenical_altar, minmay_tromino_i4
D:2:      layout_basic, kennysheep_generic_room_15, uniq_sigmund
D:3:      layout_basic, serial_park_tiny_pond, minmay_randomly_rotated_circles,
          uniq_grinder, uniq_jessica
D:4:      layout_loops_ring, mainiacjoe_overflow_24_doors,
          gammafunk_temple_overflow_elements, minmay_temple_entry_purple_smoke
D:5:      layout_basic, mainiacjoe_overflow_tiny_flanked,
          general_overflow_altar, gammafunk_temple_overflow_pools,
          eino_small_chamber_without_monster, uniq_eustachio, uniq_pikel,
          uniq_duvessa
D:6:      layout_loops_ring, mainiacjoe_overflow_catwalk,
          chequers_serial_rivers_marsh, minmay_alternating_orb

Skill      XL: |  1  2  3  4  5 |
---------------+----------------+-----
Fighting       | 1 2 3 |  3.3
Earth Magic    | 3 4 |  4.1
Spellcasting   | 3 |  3.6
Armour         | |  0.6
Dodging        | |  1.7
Stealth        | |  1.7
Conjurations   | |  0.3
Transmutations | |  0.8

Action                   |  1- 3 |  4- 6 || total
-------------------------+-------+-------++-------
Melee: Unarmed           |    20 |       ||    20
       Dagger            |    14 |       ||    14
       Rapier            |       |    17 ||    17
       Trident           |       |     1 ||     1
 Cast: Sandblast         |    54 |    44 ||    98
  Use: Scroll            |       |     3 ||     3
 Stab: Sleeping          |     1 |     1 ||     2
       Distracted        |     1 |       ||     1
Armor: Robe              |    16 |     2 ||    18
       Ring mail         |       |    11 ||    11
       Leather armour    |       |     3 ||     3
Dodge: Dodged            |    42 |    23 ||    65
